Map: Abyssal Reef LE

Players

LiquidMaNa (MaNa)

  • Race: Protoss Protoss
  • League: Master
  • Spawn Location: 11:00

Bly - Winner!

  • Race: Zerg Zerg
  • League: Grandmaster
  • Spawn Location: 5:00

Event: HomeStory Cup XVI

VOD

Have the link to the VOD?

Description

Time

  • Played on: Nov. 11, 2017, 11:26 a.m.
  • Length: 18:45

All games in this series

Show
View Real Time Build Order
Export as new Build Order

LiquidMaNa Protoss 

Build Orders: 1 Gate Expand 

Get SALT Encoding   

  12  0:02  Probe (Chrono Boost)  
  14  0:14  Probe (Chrono Boost)  
  14  0:17  Pylon  
  14  0:26  Probe (Chrono Boost)  
  15  0:32  Probe (Chrono Boost)  
  15  0:40  Probe (Chrono Boost)  
  17  0:47  Gateway  
  17  0:53  Probe (Chrono Boost)  
  17  0:56  Assimilator  
  18  0:59  Probe (Chrono Boost)  
  19  1:07  Probe (Chrono Boost)  
  20  1:27  Nexus  
  20  1:36  Cybernetics Core  
  20  1:42  Probe (Chrono Boost)  
  20  1:45  Assimilator  
  22  1:54  Probe (Chrono Boost)  
  22  1:58  Pylon  
  22  2:06  Probe (Chrono Boost)  
  23  2:13  Warp Gate  
  23  2:16  Adept  
  23  2:18  Probe (Chrono Boost)  
  27  2:30  Probe (Chrono Boost)  
  27  2:31  Stargate  
  27  2:41  Probe (Chrono Boost)  
  27  2:42  Probe (Chrono Boost)  
  27  2:43  Adept  
  31  2:53  Probe (Chrono Boost)  
  31  2:55  Probe (Chrono Boost)  
  33  3:04  Void Ray  
  35  3:05  Probe (Chrono Boost)  
  35  3:07  Probe (Chrono Boost)  
  35  3:17  Gateway  
  35  3:18  Probe (Chrono Boost)  
  35  3:19  Probe (Chrono Boost)  
  41  3:30  Probe (Chrono Boost)  
  41  3:31  Probe (Chrono Boost)  
  43  3:35  Pylon  
  43  3:38  Adept  
  45  3:44  Probe (Chrono Boost)  
  46  3:55  Probe (Chrono Boost)  
  47  4:09  Oracle, Gateway  
  46  4:15  Shield Battery, Probe (Chrono Boost)  
  45  4:21  Probe (Chrono Boost)  
  45  4:27  Probe (Chrono Boost)  
  46  4:35  Probe (Chrono Boost)  
  46  4:36  Stargate  
  48  4:39  Probe (Chrono Boost)  
  48  4:40  Adept x2  
  48  4:42  Assimilator  
  48  4:43  Assimilator  
  53  4:47  Probe (Chrono Boost), Pylon  
  53  4:51  Oracle, Probe (Chrono Boost)  
  54  5:00  Nexus  
  57  5:08  Pylon  
  57  5:10  Oracle  
  57  5:11  Probe x2 (Chrono Boost)  
  62  5:23  Pylon  
  62  5:25  Probe x2 (Chrono Boost)  
  62  5:28  Shield Battery  
  64  5:31  Probe x2 (Chrono Boost)  
  64  5:34  Oracle  
  68  5:41  Pylon  
  68  5:42  Pylon  
  69  5:45  Probe (Chrono Boost)  
  70  5:52  Probe (Chrono Boost)  
  70  5:55  Oracle  
  75  5:57  Probe (Chrono Boost)  
  76  6:04  Probe (Chrono Boost)  
  76  6:09  Probe (Chrono Boost)  
  77  6:16  Probe x2 (Chrono Boost)  
  77  6:18  Oracle  
  76  6:22  Probe (Chrono Boost)  
  80  6:28  Probe x2 (Chrono Boost)  
  80  6:30  Assimilator  
  80  6:31  Oracle  
  86  6:34  Probe (Chrono Boost)  
  86  6:39  Adept x2  
  92  6:40  Probe x2 (Chrono Boost)  
  92  6:42  Assimilator  
  92  6:46  Probe (Chrono Boost)  
  93  6:48  Forge  
  93  6:50  Forge  
  93  6:54  Oracle, Protoss Ground Weapons Level 1  
  93  6:55  Protoss Ground Armor Level 1  
  96  7:07  Probe x2 (Chrono Boost), Sentry x2  
  102  7:12  Oracle  
  105  7:16  Pylon  
  105  7:18  Pylon  
  105  7:20  Twilight Council  
  105  7:21  Probe x2 (Chrono Boost)  
  104  7:30  Oracle  
  107  7:39  Probe x3 (Chrono Boost)  
  107  7:41  Nexus, Gateway  
  110  7:49  Blink  
  102  7:53  Zealot  
  101  7:58  Gateway  
  101  8:02  Gateway  
  101  8:03  Oracle  
  101  8:04  Robotics Facility  
  104  8:06  Oracle  
  104  8:08  Shield Battery  
  104  8:10  Probe (Chrono Boost)  
  104  8:11  Probe (Chrono Boost)  
  104  8:12  Probe (Chrono Boost)  
  110  8:24  Pylon  
  110  8:30  Gateway  
  110  8:31  Gateway  
  110  8:33  Gateway x2, Protoss Ground Weapons Level 2, Protoss Ground Armor Level 2  
  110  8:53  Oracle x2  
  116  8:57  Photon Cannon  
  116  9:01  Shield Battery  
  116  9:03  Photon Cannon  
  116  9:05  Photon Cannon  
  116  9:08  Shield Battery  
  116  9:10  Stalker x2  
  116  9:11  Stalker x3  
  116  9:14  Warp Prism  
  128  9:22  Shield Battery  
  128  9:23  Shield Battery  
  128  9:26  Pylon  
  128  9:32  Stalker x2, Sentry x2  
  136  9:41  Photon Cannon  
  136  9:44  Stalker x2  
  140  9:54  Stalker x3  
  140  9:55  Stalker  
  140  9:59  Stalker  
  150  10:13  Pylon  
  150  10:14  Pylon  
  115  10:39  Stalker x7  
  115  10:40  Stalker x2  
  126  10:48  Oracle x2  
  110  11:06  Stalker x6  
  110  11:08  Sentry  
  122  11:22  Nexus  
  118  11:26  Sentry x2  
  122  11:35  Sentry x2  
  129  11:40  Probe x3 (Chrono Boost)  
  129  11:42  Sentry  
  119  12:02  Stalker x5  
  119  12:07  Probe x2 (Chrono Boost)  
  119  12:08  Probe (Chrono Boost)  
  125  12:19  Probe x2 (Chrono Boost)  
  123  12:27  Stalker x3, Sentry x2  
  123  12:29  Zealot x3  
  139  12:36  Assimilator  
  139  12:42  Assimilator  
  139  12:46  Observer  
  140  12:55  Sentry x2  
  140  12:56  Stalker x3  
  140  12:57  Zealot x3  
  126  13:20  Stalker x4  
  126  13:24  Stalker x7  
  87  13:47  Stalker x7  
  95  14:04  Robotics Bay  
  95  14:06  Probe x3 (Chrono Boost)  
  95  14:08  Nexus  
  95  14:09  Sentry  
  100  14:12  Stalker x2  
  100  14:13  Stalker  
  108  14:18  Zealot x2, Probe x2 (Chrono Boost)  
  108  14:19  Zealot x2  
  116  14:27  Immortal  
  116  14:31  Robotics Facility  
  116  14:38  Probe x2 (Chrono Boost), Sentry  
  121  14:39  Probe (Chrono Boost)  
  121  14:43  Probe (Chrono Boost)  
  121  14:44  Probe x2 (Chrono Boost)  
  119  14:45  Probe (Chrono Boost)  
  119  14:46  Colossus  
  119  14:54  Probe (Chrono Boost)  
  119  14:56  Probe (Chrono Boost)  
  119  14:57  Probe x2 (Chrono Boost)  
  119  14:59  Extended Thermal Lance  
  122  15:06  Probe (Chrono Boost)  
  129  15:07  Disruptor, Pylon  
  129  15:09  Probe (Chrono Boost)  
  129  15:12  Sentry  
  129  15:13  Sentry  
  133  15:15  Oracle  
  133  15:17  Zealot x3  
  133  15:18  Zealot  
  134  15:29  Disruptor  
  134  15:35  Disruptor  
  134  15:39  Shield Battery  
  134  15:42  Shield Battery  
  140  15:52  Probe x3 (Chrono Boost)  
  140  15:53  Probe (Chrono Boost)  
  140  15:55  Disruptor  
  142  16:02  Disruptor  
  139  16:04  Probe (Chrono Boost)  
  129  16:16  Zealot x7  
  133  16:23  Disruptor  
  129  16:28  Disruptor  
  102  16:45  Stalker x6  
  104  16:56  Disruptor  
  107  17:03  Disruptor  
  110  17:09  Cybernetics Core  
  98  17:24  Immortal  
  88  17:30  Immortal  
  86  17:40  Cybernetics Core  
  90  17:47  Zealot x5  
  90  18:02  Observer  
  87  18:08  Zealot  
  91  18:13  Probe x2 (Chrono Boost)  
  91  18:17  Probe (Chrono Boost)  
  91  18:19  Probe x2 (Chrono Boost)  
  94  18:29  Probe (Chrono Boost)  
Show
View Real Time Build Order
Export as new Build Order

Bly Zerg - Winner!

Build Orders: Hatch First, Lurkers 

Get SALT Encoding   

  12  0:02  Drone  
  13  0:13  Overlord  
  13  0:17  Drone  
  14  0:31  Drone  
  15  0:44  Drone  
  15  0:46  Drone  
  17  0:52  Hatchery  
  16  0:57  Extractor  
  15  1:11  Spawning Pool  
  14  1:12  Drone  
  14  1:17  Drone  
  16  1:22  Drone  
  16  1:25  Drone  
  18  1:44  Overlord  
  18  1:58  Queen  
  18  1:59  Zergling x4  
  18  2:00  Metabolic Boost  
  22  2:06  Zergling x2  
  23  2:09  Drone  
  24  2:27  Drone  
  25  2:32  Hatchery  
  24  2:43  Evolution Chamber  
  23  2:55  Overlord  
  22  2:59  Overlord  
  22  3:04  Zergling x4  
  22  3:05  Zergling x4  
  25  3:16  Zergling x2  
  25  3:17  Zergling x8  
  29  3:26  Zergling x2  
  29  3:27  Zergling x2  
  31  3:32  Queen  
  33  3:48  Drone x5  
  37  3:59  Drone  
  37  4:00  Drone x2  
  38  4:09  Drone x4  
  40  4:15  Drone  
  38  4:24  Queen  
  38  4:27  Drone x4  
  38  4:28  Drone  
  43  4:36  Queen  
  45  4:41  Drone x2  
  45  4:42  Drone  
  45  4:45  Drone  
  49  4:51  Overlord  
  48  5:04  Queen  
  50  5:08  Queen, Overlord  
  50  5:10  Overlord  
  50  5:12  Overlord  
  52  5:17  Zergling x2  
  52  5:19  Zerg Melee Weapons Level 1  
  52  5:20  Drone x4  
  52  5:21  Drone  
  58  5:26  Drone x2  
  58  5:27  Drone  
  61  5:31  Overlord  
  61  5:32  Drone x2  
  63  5:37  Overlord  
  63  5:41  Baneling Nest  
  62  5:44  Spore Crawler  
  62  5:46  Drone x5  
  62  5:47  Drone x3  
  62  5:49  Overlord  
  69  5:52  Overlord  
  69  5:54  Lair  
  69  5:55  Extractor  
  68  6:03  Spore Crawler  
  67  6:11  Drone x6  
  67  6:24  Drone x3  
  64  6:28  Drone x2  
  64  6:29  Queen  
  64  6:30  Queen  
  64  6:31  Extractor  
  64  6:32  Drone x4  
  73  6:35  Drone x2  
  73  6:37  Hatchery  
  72  6:43  Overlord  
  72  6:46  Spore Crawler  
  71  6:48  Drone x2  
  71  6:49  Drone  
  73  6:58  Extractor, Zergling x2  
  73  6:59  Hydralisk Den, Zergling x12  
  78  7:08  Evolution Chamber  
  77  7:09  Zergling x2  
  77  7:10  Zergling x2  
  79  7:19  Overlord  
  80  7:22  Drone  
  80  7:23  Extractor, Drone x2  
  80  7:24  Spire  
  80  7:28  Drone x5  
  80  7:29  Extractor  
  84  7:31  Overlord  
  84  7:36  Hatchery  
  83  7:38  Overlord  
  83  7:44  Hatchery  
  81  7:45  Overlord  
  73  7:55  Spore Crawler  
  72  8:00  Drone x3  
  72  8:03  Drone x2  
  72  8:04  Drone  
  77  8:07  Overlord  
  77  8:11  Overseer  
  77  8:16  Zergling x4  
  77  8:17  Zergling x18  
  85  8:34  Drone  
  85  8:35  Drone  
  85  8:39  Corruptor x6  
  93  8:54  Drone x7  
  100  8:56  Zerg Melee Weapons Level 2, Muscular Augments  
  100  9:00  Drone x6  
  105  9:05  Drone x3  
  108  9:10  Overlord  
  108  9:12  Spore Crawler  
  108  9:14  Spore Crawler  
  106  9:17  Centrifical Hooks  
  106  9:23  Hydralisk  
  106  9:24  Hydralisk x7  
  122  9:34  Hydralisk x3  
  122  9:36  Overlord x2  
  128  9:38  Extractor  
  128  9:41  Extractor  
  126  9:56  Hydralisk x7  
  140  10:00  Drone  
  140  10:01  Zergling x2  
  140  10:02  Zergling x22  
  153  10:09  Baneling x5  
  153  10:10  Baneling x5  
  149  10:23  Hydralisk x6  
  149  10:25  Zergling x12  
  150  10:35  Hydralisk x4  
  133  10:44  Pneumatized Carapace, Hydralisk x3  
  133  10:45  Queen x2  
  133  10:49  Zergling x24  
  142  11:04  Zergling x14  
  142  11:09  Zerg Missile Weapons Level 1  
  142  11:10  Zergling x4  
  151  11:13  Zerg Ground Armor Level 1  
  151  11:17  Hydralisk  
  151  11:18  Hydralisk x4  
  147  11:23  Zergling x6  
  155  11:28  Queen  
  155  11:29  Zergling x4  
  155  11:30  Baneling  
  155  11:31  Baneling x7  
  158  11:34  Hydralisk x3  
  158  11:38  Hydralisk  
  158  11:39  Hydralisk  
  168  11:41  Queen  
  168  11:42  Queen  
  162  11:56  Hydralisk x6  
  162  11:57  Hydralisk x2  
  157  12:05  Hydralisk  
  157  12:06  Hydralisk x6  
  164  12:12  Hydralisk  
  164  12:13  Hydralisk x2  
  160  12:20  Zergling x10  
  156  12:33  Zergling x14  
  163  12:38  Infestation Pit, Lurker Den, Zergling x4  
  163  12:40  Overseer x2  
  163  12:48  Zergling x2  
  163  12:49  Zergling x8  
  168  12:57  Baneling x5  
  168  13:02  Hydralisk x3  
  172  13:08  Extractor  
  172  13:10  Extractor  
  163  13:16  Zergling x14, Hatchery  
  163  13:17  Zergling x12  
  156  13:24  Hydralisk x5  
  141  13:37  Hydralisk x4  
  141  13:38  Hydralisk x2  
  141  13:40  Zergling x6  
  139  13:41  Zergling x2  
  134  13:57  Hydralisk x7  
  144  14:08  Lurker  
  144  14:09  Lurker x7  
  153  14:10  Lurker  
  153  14:29  Zergling x2  
  153  14:30  Zergling x22  
  158  14:44  Hydralisk x4  
  163  14:46  Overlord x5  
  163  14:48  Hive  
  161  15:05  Zergling x20  
  161  15:06  Zergling x16  
  176  15:11  Overseer x2  
  176  15:19  Zerg Missile Weapons Level 2  
  175  15:32  Zergling x2  
  175  15:33  Zergling x28  
  190  15:39  Baneling x8  
  190  15:40  Baneling x10  
  188  15:50  Spire  
  170  16:15  Hydralisk x8  
  170  16:16  Hydralisk  
  172  16:27  Greater Spire  
  172  16:28  Zergling x28  
  172  16:29  Zergling x10  
  182  16:46  Zergling x8  
  182  16:47  Zergling x6  
  179  16:51  Baneling x6  
  170  17:04  Corruptor  
  170  17:05  Corruptor x7  
  170  17:06  Corruptor  
  170  17:07  Overlord  
  181  17:22  Drone x3  
  141  17:51  Brood Lord x6  
  137  17:52  Brood Lord x3, Hydralisk  
  137  17:53  Hydralisk x5  
  158  18:15  Overseer x2  
  158  18:18  Overseer x2  
  158  18:24  Spore Crawler  
Tags
 
Add a new tag
Caveats
  • Supply blocks, unpowered buildings, or Contaminate may cause inaccurate times.
  • Supply counts are checked every 10 seconds.